[Event "Titled Tuesday Blitz May 24 Early 2022"]
[White "Hua, Lefong"]
[Black "Shton, Roman"]
[WhiteFideId "2602253"]
[BlackFideId "14137461"]
[WhiteElo "2623"]
[BlackElo "2013"]
[Result "1-0"]
[Round "02"]
[TimeControl "180+1"]
[Date "2022.05.25"]
[WhiteClock "0:00:42"]
[BlackClock "0:00:16"]

1. d4 Nf6 2. c4 e6 3. Nc3 Bb4 4. f3 c5 5. a3 Bxc3+ 6. bxc3 d5 7. cxd5 Nxd5 8. dxc5 Qa5 9. e4 Ne7 10. Be3 Qxc3+ 11. Kf2 O-O 12. Ne2 Qa5 13. Ng3 Nbc6 14. Be2 f5 15. exf5 exf5 16. Qb3+ Kh8 17. f4 Rf6 18. Rhd1 Qc7 19. Rab1 Rb8 20. Bc1 Be6 21. Qf3 Rd8 22. Bb2 Rf7 23. Rxd8+ Nxd8 24. Rd1 Qxc5+ 25. Bd4 Qc7 26. Nh5 Ndc6 27. Ba1 Qb6+ 28. Kf1 Ng6 29. Qc3 Qa5 30. Qxa5 Nxa5 31. Rd8+ Nf8 32. Nxg7 Nb3 33. Be5 Rxg7 34. Rxf8+ Bg8 35. Rxg8+ Kxg8 36. Bc4+ Kf8 37. Bxg7+ Kxg7 38. Bxb3 1-0


[Site "https://www.chess.com"]

[Event "Titled Tuesday Blitz May 24 Early 2022"]
[White "Ianov, Viktor"]
[Black "Shevtchenko, Olesya"]
[WhiteFideId "14102730"]
[BlackFideId "24131890"]
[WhiteElo "2152"]
[BlackElo "2003"]
[Result "1-0"]
[Round "02"]
[TimeControl "180+1"]
[Date "2022.05.25"]
[WhiteClock "0:02:26"]
[BlackClock "0:00:32"]

1. Nf3 d5 2. g3 Nf6 3. Bg2 e6 4. O-O Be7 5. c4 O-O 6. b3 c5 7. Bb2 d4 8. e3 Nc6 9. exd4 cxd4 10. d3 e5 11. Re1 Qc7 12. Ba3 Re8 13. Bxe7 Rxe7 14. Na3 a6 15. Nc2 a5 16. a3 Bg4 17. b4 axb4 18. axb4 Rxa1 19. Qxa1 h6 20. b5 Nd8 21. Qa3 Bxf3 22. Bxf3 Ne6 23. h4 Nc5 24. Nb4 e4 25. dxe4 Ncxe4 26. Bxe4 Rxe4 27. Rxe4 Nxe4 28. Qd3 Nd6 29. Qxd4 Nxc4 30. Nd5 1-0


[Site "https://www.chess.com"]

[Event "Titled Tuesday Blitz May 24 Early 2022"]
[White "Itkis, Boris"]
[Black "Kozak, Antoni"]
[WhiteFideId "1209167"]
[BlackFideId "21832030"]
[WhiteElo "2207"]
[BlackElo "2322"]
[Result "0-1"]
[Round "02"]
[TimeControl "180+1"]
[Date "2022.05.25"]
[WhiteClock "0:00:25"]
[BlackClock "0:00:21"]

1. b3 d5 2. Nf3 Nf6 3. Bb2 Bf5 4. e3 e6 5. d4 Be7 6. Nbd2 O-O 7. Bd3 Bg6 8. O-O c5 9. Bxg6 hxg6 10. c4 Nc6 11. Qe2 dxc4 12. Nxc4 Qd5 13. Rfd1 Qh5 14. Rac1 Rfd8 15. Qf1 g5 16. Nce5 Nb4 17. a3 Nbd5 18. dxc5 g4 19. Nd2 a5 20. Qb5 Rab8 21. b4 axb4 22. axb4 g6 23. Ndc4 Kg7 24. Nd2 g3 25. Nf1 gxf2+ 26. Kxf2 Ne4+ 27. Kg1 Bf6 0-1


[Site "https://www.chess.com"]

[Event "Titled Tuesday Blitz May 24 Early 2022"]
[White "Izzat, Kanan"]
[Black "Estrada Nieto, Julian"]
[WhiteFideId "13405209"]
[BlackFideId "5101018"]
[WhiteElo "2362"]
[BlackElo "2252"]
[Result "1-0"]
[Round "02"]
[TimeControl "180+1"]
[Date "2022.05.25"]
[WhiteClock "0:02:04"]
[BlackClock "0:00:38"]

1. e4 e5 2. Nf3 Nc6 3. d4 exd4 4. Nxd4 Nf6 5. Nxc6 bxc6 6. Bd3 d5 7. exd5 cxd5 8. O-O Be7 9. Nd2 O-O 10. h3 c5 11. b3 Bb7 12. Bb2 Re8 13. Re1 Bd6 14. Rxe8+ Nxe8 15. Qg4 Nf6 16. Qh4 h6 17. Re1 d4 18. Nc4 Bc7 19. Bc1 Qd5 20. f3 Qh5 21. Qxh5 Nxh5 22. Re7 Bg3 23. Rxb7 Re8 24. Bd2 g6 25. Rxa7 Nf4 26. Kf1 Nd5 27. a4 Bf4 28. Bxf4 Nxf4 29. a5 1-0


[Site "https://www.chess.com"]

[Event "Titled Tuesday Blitz May 24 Early 2022"]
[White "Janaszak, Dawid"]
[Black "Tari, Aryan"]
[WhiteFideId "1119206"]
[BlackFideId "1510045"]
[WhiteElo "2199"]
[BlackElo "2567"]
[Result "0-1"]
[Round "02"]
[TimeControl "180+1"]
[Date "2022.05.24"]
[WhiteClock "0:00:02"]
[BlackClock "0:00:27"]

1. e4 c5 2. Nc3 Nc6 3. Bb5 Nd4 4. Nf3 e6 5. O-O a6 6. Bd3 Nc6 7. Nd5 Nge7 8. Re1 Ng6 9. Bf1 d6 10. Ne3 Be7 11. d4 cxd4 12. Nxd4 O-O 13. c4 Bd7 14. Nf3 Nce5 15. b3 Bc6 16. Nxe5 dxe5 17. Qc2 Qd4 18. Bb2 Qxe4 19. Bd3 Qf4 20. Bc1 Bc5 21. b4 Bd4 22. Rb1 Nh4 23. Bf1 Be4 24. Qb3 Bxb1 25. Qxb1 Qg5 26. Kh1 Qg6 27. Bd3 f5 28. Qc2 Rad8 29. f4 e4 30. Bf1 e5 31. c5 exf4 32. Nc4 Nf3 0-1


[Site "https://www.chess.com"]

[Event "Titled Tuesday Blitz May 24 Early 2022"]
[White "Jian, Alex"]
[Black "Ivanisevic, Ivan"]
[WhiteFideId "30901022"]
[BlackFideId "912417"]
[WhiteElo "2111"]
[BlackElo "2495"]
[Result "0-1"]
[Round "02"]
[TimeControl "180+1"]
[Date "2022.05.25"]
[WhiteClock "0:00:01"]
[BlackClock "0:00:09"]

1. Nf3 Nf6 2. b3 g6 3. Bb2 Bg7 4. e3 d6 5. d4 O-O 6. Be2 c5 7. O-O cxd4 8. exd4 Nh5 9. Re1 Nc6 10. Nbd2 Nf4 11. Bf1 Bf5 12. Nc4 Rc8 13. Ne3 Bd7 14. c3 a6 15. g3 Nh3+ 16. Kg2 b5 17. Rc1 f5 18. Kxh3 f4+ 19. Kg2 fxe3 20. fxe3 Bg4 21. Be2 Qd7 22. Ng1 h5 23. h3 Bf5 24. Bf3 d5 25. Rf1 Bh6 26. Qe2 Qe6 27. c4 Qxe3 28. Bxd5+ e6 29. Qxe3 Bxe3 30. Rce1 Bxd4 31. Bxc6 Bxb2 32. Bd7 bxc4 33. Bxc8 Rxc8 34. bxc4 Rxc4 35. Nf3 Be4 36. Re2 Bf6 37. Rfe1 Bd5 38. Re3 Kg7 39. R1e2 a5 40. Kf2 a4 41. Nd2 Rb4 42. Ke1 Bd4 43. Rd3 e5 44. Ra3 Bb2 45. Rd3 a3 46. Nf3 Bxa2 47. Rde3 Bc4 48. Rd2 a2 0-1


[Site "https://www.chess.com"]

[Event "Titled Tuesday Blitz May 24 Early 2022"]
[White "Johnson, Ben"]
[Black "Guliev, Logman"]
[WhiteFideId "2010917"]
[BlackFideId "13400061"]
[WhiteElo "2218"]
[BlackElo "2128"]
[Result "0-1"]
[Round "02"]
[TimeControl "180+1"]
[Date "2022.05.25"]
[WhiteClock "0:00:04"]
[BlackClock "0:00:36"]

1. Nf3 d5 2. e3 c5 3. b3 Nf6 4. Bb2 Nc6 5. Bb5 Bd7 6. O-O g6 7. c4 dxc4 8. bxc4 Bg7 9. Nc3 O-O 10. Qc1 Qc7 11. Nd5 Nxd5 12. cxd5 Bxb2 13. Qxb2 Nb4 14. Bxd7 Qxd7 15. e4 Nd3 16. Qc3 Nf4 17. Kh1 b6 18. Ne5 Qc7 19. Rae1 Rad8 20. g3 Nh5 21. f4 Nf6 22. Nc4 b5 23. Qe5 Qd7 24. Ne3 c4 25. f5 Rfe8 26. fxg6 hxg6 27. Rf4 Kg7 28. Rh4 Rh8 29. Rxh8 Rxh8 30. Rf1 b4 31. Qf4 c3 32. dxc3 Qh3 33. Rf2 Qh6 34. Qxh6+ Rxh6 35. e5 Ne4 0-1


[Site "https://www.chess.com"]

[Event "Titled Tuesday Blitz May 24 Early 2022"]
[White "Kalogridis, Antonios"]
[Black "Tanenbaum, Zachary"]
[WhiteFideId "25833901"]
[BlackFideId "2060850"]
[WhiteElo "1596"]
[BlackElo "2168"]
[Result "1-0"]
[Round "02"]
[TimeControl "180+1"]
[Date "2022.05.25"]
[WhiteClock "0:01:24"]
[BlackClock "0:00:06"]

1. d4 d5 2. b3 Nf6 3. Bb2 Bf5 4. Nf3 e6 5. Nbd2 c5 6. Nh4 Be4 7. f3 Ng4 8. fxe4 Qxh4+ 9. g3 Qf6 10. Nf3 dxe4 11. Bh3 Ne3 12. Qd2 Qh6 13. Ne5 Nxc2+ 14. Qxc2 Qxh3 15. Qxe4 Bd6 16. Qxb7 O-O 17. Qxa8 Na6 18. Qf3 Bxe5 19. dxe5 Nb4 20. O-O-O Qh6+ 21. e3 Qg6 22. e4 c4 23. Kb1 Rb8 24. h4 Nc6 25. h5 Qh6 26. Qf4 Qxf4 27. gxf4 cxb3 28. axb3 h6 29. Rd6 Na5 30. Rc1 Rxb3 31. Rc3 Rb4 32. Rd8+ Kh7 33. Rcc8 g5 34. Rh8+ Kg7 35. Rcg8# 1-0


[Site "https://www.chess.com"]

[Event "Titled Tuesday Blitz May 24 Early 2022"]
[White "Kamsky, Gata"]
[Black "Jakubowski, Krzysztof"]
[WhiteFideId "2000024"]
[BlackFideId "1112848"]
[WhiteElo "2645"]
[BlackElo "2365"]
[Result "1-0"]
[Round "02"]
[TimeControl "180+1"]
[Date "2022.05.24"]
[WhiteClock "0:01:04"]
[BlackClock "0:00:11"]

1. e4 c5 2. Nf3 e6 3. Nc3 a6 4. d4 cxd4 5. Nxd4 b5 6. Bd3 Bb7 7. O-O Ne7 8. Kh1 Nec6 9. Nb3 d6 10. f4 b4 11. Ne2 Nd7 12. f5 e5 13. c4 h5 14. Be3 h4 15. h3 Be7 16. Nd2 Nc5 17. Bc2 a5 18. b3 Bg5 19. Bxg5 Qxg5 20. Nf3 Qe3 21. Nh2 Nxe4 22. Ng4 Ng3+ 23. Nxg3 Qxg3 24. Rf3 Nd4 25. Rxg3 hxg3 26. Kg1 O-O-O 27. Ne3 Rh4 28. Nd5 Bxd5 29. cxd5 Rf4 30. Bd3 Kd7 31. Rc1 Ke7 32. Qe1 Rf2 33. Qe3 Rxa2 34. Qg5+ Kd7 35. Qxg7 1-0


[Site "https://www.chess.com"]

[Event "Titled Tuesday Blitz May 24 Early 2022"]
[White "Karolczuk, Iwo"]
[Black "Xiong, Jeffery"]
[WhiteFideId "21816972"]
[BlackFideId "2047640"]
[WhiteElo "2258"]
[BlackElo "2727"]
[Result "0-1"]
[Round "02"]
[TimeControl "180+1"]
[Date "2022.05.24"]
[WhiteClock "0:00:06"]
[BlackClock "0:00:24"]

1. d4 d5 2. Nf3 Nf6 3. c4 e6 4. e3 b6 5. cxd5 exd5 6. b3 Bd6 7. Ba3 O-O 8. Bxd6 Qxd6 9. Nc3 Bf5 10. Bd3 Bxd3 11. Qxd3 c6 12. O-O Nbd7 13. Rac1 Rfe8 14. Rfd1 Ne4 15. Qc2 Rac8 16. Nxe4 Rxe4 17. Rd3 h6 18. Rc3 Re6 19. Qd3 Nf6 20. Ne5 c5 21. R3c2 Rce8 22. Nf3 Ne4 23. dxc5 bxc5 24. Rd1 Rd8 25. Qb5 Rf6 26. Qb7 a6 27. Rc4 Re6 28. Ra4 Nc3 29. Re1 Nxa4 30. bxa4 Rb8 31. Qa7 Re7 0-1


[Site "https://www.chess.com"]

[Event "Titled Tuesday Blitz May 24 Early 2022"]
[White "Keller, Peter"]
[Black "Bryakin, Mikhail"]
[WhiteFideId "1272105"]
[BlackFideId "4165314"]
[WhiteElo "2275"]
[BlackElo "2417"]
[Result "0-1"]
[Round "02"]
[TimeControl "180+1"]
[Date "2022.05.25"]
[WhiteClock "0:00:35"]
[BlackClock "0:02:03"]

1. e4 e5 2. Nf3 d5 3. exd5 e4 4. Qe2 Nf6 5. Nc3 Bb4 6. Nxe4 O-O 7. Nxf6+ Qxf6 8. c3 Bd7 9. d4 Re8 10. Be3 Bf8 11. Qd2 c6 12. dxc6 Bxc6 13. Be2 Nd7 14. O-O Bd6 15. h3 b6 16. c4 Be4 17. Rfe1 Qg6 18. Rac1 Rad8 19. b4 Bb8 20. Qc3 Qd6 21. c5 Qc7 22. Ne5 Nf6 23. Bf4 Nd5 24. Qe3 Nxe3 0-1


[Site "https://www.chess.com"]

[Event "Titled Tuesday Blitz May 24 Early 2022"]
[White "Keymer, Vincent"]
[Black "Perez Gormaz, Matias"]
[WhiteFideId "12940690"]
[BlackFideId "3406342"]
[WhiteElo "2548"]
[BlackElo "2341"]
[Result "1-0"]
[Round "02"]
[TimeControl "180+1"]
[Date "2022.05.24"]
[WhiteClock "0:00:08"]
[BlackClock "0:00:03"]

1. Nf3 d5 2. e3 Nf6 3. c4 e6 4. Nc3 a6 5. b3 b6 6. g3 Bb7 7. Bg2 Be7 8. Bb2 O-O 9. O-O Nbd7 10. Qe2 c5 11. Rfd1 Qc7 12. Rac1 Rac8 13. cxd5 Nxd5 14. Nxd5 Bxd5 15. e4 Bb7 16. d4 Qb8 17. d5 exd5 18. exd5 Rfe8 19. Qc2 Rcd8 20. h4 Bd6 21. Ng5 Nf8 22. Ne4 Be5 23. Bxe5 Qxe5 24. Nc3 Qd6 25. Rd2 Nd7 26. Ne4 Qg6 27. Re1 Nf6 28. Rde2 Nxd5 29. Nxc5 Rxe2 30. Qxe2 Bc6 31. Nxa6 h6 32. Qc4 Bb7 33. Nb4 Nxb4 34. Qxb4 Bxg2 35. Kxg2 Qc6+ 36. Qe4 Qc5 37. a4 Rd2 38. Qf3 1-0


[Site "https://www.chess.com"]

[Event "Titled Tuesday Blitz May 24 Early 2022"]
[White "Khamdamova, Afruza"]
[Black "Dimitrov, Atanas"]
[WhiteFideId "14210444"]
[BlackFideId "2901315"]
[WhiteElo "1660"]
[BlackElo "2690"]
[Result "0-1"]
[Round "02"]
[TimeControl "180+1"]
[Date "2022.05.25"]
[WhiteClock "0:01:02"]
[BlackClock "0:00:37"]

1. e4 c5 2. Nf3 d6 3. d4 cxd4 4. Nxd4 Nf6 5. Nc3 g6 6. Be3 Bg7 7. f3 Nc6 8. Qd2 Bd7 9. Bc4 Rc8 10. Bb3 Ne5 11. O-O-O O-O 12. Bh6 Nc4 13. Bxc4 Rxc4 14. Bxg7 Kxg7 15. h4 h5 16. g4 hxg4 17. h5 e5 18. hxg6 Rh8 19. Nf5+ Bxf5 20. exf5 Rf4 21. fxg4 Nxg4 22. gxf7 Rxh1 23. Rxh1 Rf2 24. Qd5 Qg5+ 25. Kb1 Qxf5 26. Ne4 Rf1+ 0-1


[Site "https://www.chess.com"]

[Event "Titled Tuesday Blitz May 24 Early 2022"]
[White "Kim, Yoon-Young"]
[Black "Swiercz, Dariusz"]
[WhiteFideId "30908779"]
[BlackFideId "1126881"]
[WhiteElo "2109"]
[BlackElo "2627"]
[Result "0-1"]
[Round "02"]
[TimeControl "180+1"]
[Date "2022.05.24"]
[WhiteClock "0:00:08"]
[BlackClock "0:01:10"]

1. d4 Nf6 2. c4 e6 3. g3 Bb4+ 4. Bd2 Be7 5. Bg2 d5 6. Nf3 O-O 7. O-O Nbd7 8. Qb3 c6 9. Bf4 a5 10. Nbd2 a4 11. Qc2 h6 12. e4 Qa5 13. e5 Ne8 14. Rfd1 b6 15. Nf1 Ba6 16. cxd5 cxd5 17. h4 Rc8 18. Qb1 Nc7 19. Ne3 Be2 20. Re1 Qa6 21. h5 Bb4 22. Rxe2 Qxe2 23. Ng4 Nb5 24. a3 Be7 25. Nd2 Qxg4 26. Qd3 0-1


[Site "https://www.chess.com"]

[Event "Titled Tuesday Blitz May 24 Early 2022"]
[White "Korchmar, Vasiliy"]
[Black "Melikhov, Evgeny V."]
[WhiteFideId "24131750"]
[BlackFideId "4122046"]
[WhiteElo "2370"]
[BlackElo "1931"]
[Result "1-0"]
[Round "02"]
[TimeControl "180+1"]
[Date "2022.05.25"]
[WhiteClock "0:00:12"]
[BlackClock "0:00:04"]

1. e4 e5 2. Nf3 Nc6 3. Nc3 Nf6 4. h3 d5 5. exd5 Nxd5 6. Bb5 Nxc3 7. bxc3 Bd6 8. d4 exd4 9. cxd4 O-O 10. O-O Nb4 11. c3 a6 12. Bc4 b5 13. Bb3 Nc6 14. Bg5 Be7 15. Qd2 Bxg5 16. Nxg5 Bf5 17. Qf4 Bg6 18. a4 Na5 19. Ba2 Qd6 20. Qh4 h6 21. Nf3 b4 22. cxb4 Qxb4 23. Ne5 Bc2 24. Rfc1 Nb3 25. Rxc2 Nxa1 26. Rxc7 Nb3 27. Rc4 Qe1+ 28. Kh2 Rab8 29. Bxb3 Rxb3 30. Qf4 Rb1 31. Rc7 Qg1+ 32. Kg3 Rb3+ 33. Nf3 Rb2 34. Ne5 Rb3+ 35. Nf3 f6 36. Qg4 Rf7 37. Qe6 Rxf3+ 38. Kxf3 Qd1+ 39. Kg3 Qd3+ 40. Kh2 Qg6 41. d5 1-0


[Site "https://www.chess.com"]

[Event "Titled Tuesday Blitz May 24 Early 2022"]
[White "Koutlas, Nikolaos"]
[Black "Ovezdurdyyeva, Jemal"]
[WhiteFideId "25827138"]
[BlackFideId "14001888"]
[WhiteElo "1645"]
[BlackElo "1946"]
[Result "1-0"]
[Round "02"]
[TimeControl "180+1"]
[Date "2022.05.25"]
[WhiteClock "0:00:18"]
[BlackClock "0:00:20"]

1. Nf3 Nf6 2. b3 g6 3. Bb2 Bg7 4. c4 O-O 5. Nc3 d5 6. Nxd5 Nxd5 7. Bxg7 Kxg7 8. cxd5 Qxd5 9. g3 Bg4 10. Bg2 Nc6 11. O-O Rad8 12. d3 Qd7 13. Rc1 Bh3 14. Rxc6 Bxg2 15. Qa1+ f6 16. Rfc1 bxc6 17. Kxg2 Qd5 18. Rc4 Rd6 19. Qc3 e5 20. Kg1 Re8 21. Nd2 f5 22. Nf3 Kg8 23. Rc5 Qe6 24. Rxe5 Qd7 25. Qc4+ Kf8 26. Qc5 a6 27. Qc4 Rde6 28. Qc5+ Qd6 29. d4 Rxe5 30. Nxe5 Qxc5 31. Nd7+ Kf7 32. dxc5 Rxe2 33. Nb8 Rxa2 34. Nxc6 Rc2 35. b4 Ke6 36. Nd4+ 1-0


[Site "https://www.chess.com"]

[Event "Titled Tuesday Blitz May 24 Early 2022"]
[White "Kovalev, Vladislav"]
[Black "Taichman, Ori"]
[WhiteFideId "13504398"]
[BlackFideId "2804069"]
[WhiteElo "2530"]
[BlackElo "2227"]
[Result "0-1"]
[Round "02"]
[TimeControl "180+1"]
[Date "2022.05.24"]
[WhiteClock "0:00:01"]
[BlackClock "0:00:11"]

1. e4 c5 2. Nf3 Nc6 3. Bb5 d6 4. d4 cxd4 5. Qxd4 Bd7 6. Bxc6 Bxc6 7. c4 f5 8. exf5 Qa5+ 9. Nc3 Qxf5 10. Be3 Nf6 11. O-O-O e5 12. Qd2 Qg4 13. Qe2 Qxg2 14. Nd5 Bxd5 15. cxd5 Qg6 16. Qb5+ Kd8 17. Qxb7 Rc8+ 18. Kd2 Rc2+ 19. Ke1 Qg2 20. Qb8+ Ke7 21. Qxa7+ Nd7 22. Rg1 Qxf3 23. Qa6 Kf7 24. a4 Be7 25. Qd3 Rhc8 26. Rxg7+ Kf8 27. Rxe7 e4 28. Qd4 Kxe7 29. Bg5+ Kf7 30. Bd2 Ne5 0-1


[Site "https://www.chess.com"]

[Event "Titled Tuesday Blitz May 24 Early 2022"]
[White "Kowalysko, Roman"]
[Black "Kim, Sergey"]
[WhiteFideId "30918510"]
[BlackFideId "13700570"]
[WhiteElo "2157"]
[BlackElo "2551"]
[Result "1/2-1/2"]
[Round "02"]
[TimeControl "180+1"]
[Date "2022.05.25"]
[WhiteClock "0:00:10"]
[BlackClock "0:01:41"]

1. e4 e5 2. Nc3 Nf6 3. Nf3 Nc6 4. Bb5 Bb4 5. O-O O-O 6. d3 d6 7. Bg5 Bxc3 8. bxc3 Qe7 9. Re1 Nd8 10. d4 Ne6 11. Bd2 c6 12. Bd3 Qc7 13. Rb1 c5 14. dxe5 dxe5 15. Bc4 Rd8 16. Qe2 b6 17. Bg5 Nxg5 18. Nxg5 Rf8 19. Rbd1 h6 20. Nf3 Bg4 21. h3 Bh5 22. Rd2 Rad8 23. Red1 Rxd2 24. Rxd2 Rd8 25. Rxd8+ Qxd8 26. Qd3 Qxd3 27. cxd3 Bxf3 28. gxf3 Nh5 29. h4 Nf4 30. Kf1 h5 31. Bb5 Ng6 32. d4 exd4 33. cxd4 cxd4 34. Ke2 Nxh4 35. f4 Ng6 36. f5 Ne5 37. f4 Ng4 38. Kd3 h4 39. Kxd4 h3 40. e5 h2 41. Bc6 Nf2 42. Ke3 h1=Q 43. Bxh1 Nxh1 44. Kf3 g6 45. f6 Kf8 46. Kg2 Ke8 47. Kxh1 Kd7 48. Kg2 Ke6 49. Kg3 Kf5 50. Kf3 b5 51. Ke3 g5 52. fxg5 Kxe5 53. g6 Kxf6 54. gxf7 Kxf7 55. Kd4 Ke7 56. Kc5 Kd7 57. Kxb5 Kc7 58. Ka6 Kb8 59. a4 Ka8 60. a5 Kb8 61. Kb5 Kb7 62. a6+ Kc7 63. Kc5 Kd7 64. Kb5 Kc7 65. Kc5 Kd7 66. Kb5 Kc7 1/2-1/2


[Site "https://www.chess.com"]

[Event "Titled Tuesday Blitz May 24 Early 2022"]
[White "Kuderinov, Kirill"]
[Black "Sadubayev, Airat"]
[WhiteFideId "13701568"]
[BlackFideId "13713264"]
[WhiteElo "2432"]
[BlackElo "2234"]
[Result "1-0"]
[Round "02"]
[TimeControl "180+1"]
[Date "2022.05.25"]
[WhiteClock "0:00:29"]
[BlackClock "0:00:31"]

1. c4 c6 2. Nc3 d5 3. cxd5 cxd5 4. d4 Nf6 5. Bf4 Nc6 6. Nf3 Bf5 7. e3 e6 8. Bd3 Bxd3 9. Qxd3 Bd6 10. Bxd6 Qxd6 11. O-O O-O 12. a3 Nd7 13. Rac1 h6 14. Rfd1 Nb6 15. e4 dxe4 16. Nxe4 Qe7 17. Qe2 Rfd8 18. Ne5 Nxd4 19. Qe3 Nf5 20. Qf3 Rxd1+ 21. Rxd1 Rd8 22. Ng3 Rxd1+ 23. Qxd1 Qd6 24. Qe1 Nxg3 25. hxg3 Qd4 26. Qe2 a6 27. Nf3 Qd5 28. Qc2 Nc4 29. Qc3 b5 30. Kh2 g5 31. b3 Nd6 32. Qf6 Qf5 33. Qd8+ Kh7 34. Qxd6 Qc2 35. Qxa6 Qxb3 36. Qa7 Kg7 37. Ne5 Kf6 38. Nxf7 b4 39. axb4 Qxb4 40. Nxh6 Kg6 41. Ng8 Qf8 42. Ne7+ Kf6 43. Nc6 g4 44. Qd4+ Kg5 45. Qe5+ Kg6 46. Qxe6+ Kg5 47. Ne5 1-0


[Site "https://www.chess.com"]

[Event "Titled Tuesday Blitz May 24 Early 2022"]
[White "Lamaze, Simon"]
[Black "Hernandez Jimenez, Alexander Andres"]
[WhiteFideId "36069264"]
[BlackFideId "3900452"]
[WhiteElo "1999"]
[BlackElo "2098"]
[Result "1-0"]
[Round "02"]
[TimeControl "180+1"]
[Date "2022.05.25"]
[WhiteClock "0:01:12"]
[BlackClock "0:00:07"]

1. d4 Nf6 2. c4 e6 3. g3 Bb4+ 4. Bd2 a5 5. Bg2 Qe7 6. Nf3 d6 7. Nc3 O-O 8. O-O Nbd7 9. a3 Bxc3 10. Bxc3 e5 11. Qc2 Re8 12. dxe5 Nxe5 13. Nxe5 dxe5 14. b4 axb4 15. axb4 Rxa1 16. Rxa1 c6 17. Rd1 Bg4 18. h3 Bh5 19. c5 Bg6 20. Qb2 e4 21. Bxf6 gxf6 22. Rd6 e3 23. f4 Kg7 24. g4 Be4 25. g5 Qf8 26. Qxf6+ Kg8 27. Bxe4 Rxe4 28. Rd8 Re8 29. Rd7 Rb8 30. Kg2 Qg7 31. Qxg7+ Kxg7 32. Kf3 b6 33. Kxe3 bxc5 34. bxc5 Rb5 35. Kd4 Rb2 36. Re7 Rd2+ 37. Kc4 Kg6 38. e4 Rf2 39. f5+ Kxg5 40. Rxf7 h5 41. Kd4 Rf3 42. Ke5 Rxh3 43. Rg7+ Kh6 44. Kf6 Re3 45. Rg6+ Kh7 46. e5 h4 47. e6 h3 48. Rg4 1-0


[Site "https://www.chess.com"]

[Event "Titled Tuesday Blitz May 24 Early 2022"]
[White "Lauridsen, Jesper Morch"]
[Black "Vusatiuk, Vladimir"]
[WhiteFideId "1401890"]
[BlackFideId "14118610"]
[WhiteElo "2239"]
[BlackElo "2157"]
[Result "1-0"]
[Round "02"]
[TimeControl "180+1"]
[Date "2022.05.25"]
[WhiteClock "0:00:59"]
[BlackClock "0:00:47"]

1. e4 c5 2. Nf3 Nc6 3. d4 cxd4 4. Nxd4 Nf6 5. Nc3 e5 6. Ndb5 Bc5 7. Be3 Bxe3 8. Nd6+ Kf8 9. fxe3 g6 10. Bc4 Kg7 11. Nxf7 Qb6 12. Nxh8 Qxb2 13. O-O Qxc3 14. Qf3 Qxc4 15. Qxf6+ Kh6 16. Nf7+ Qxf7 17. Qxf7 d6 18. Qf8+ Kh5 19. Rf3 Rb8 20. Qg7 h6 21. Raf1 Be6 22. Qf6 Bg4 23. h3 Bd7 24. g4+ Bxg4 25. hxg4+ Kxg4 26. Qxg6+ Kh4 27. Qg3+ Kh5 28. Rf5# 1-0


[Site "https://www.chess.com"]

[Event "Titled Tuesday Blitz May 24 Early 2022"]
[White "Leschinsky, Gary"]
[Black "Shuvalova, Polina"]
[WhiteFideId "30951321"]
[BlackFideId "24171760"]
[WhiteElo "1782"]
[BlackElo "2355"]
[Result "1-0"]
[Round "02"]
[TimeControl "180+1"]
[Date "2022.05.25"]
[WhiteClock "0:00:08"]
[BlackClock "0:00:01"]

1. d4 Nf6 2. c4 e6 3. Nc3 Bb4 4. f3 Nh5 5. Nh3 f5 6. a3 Bxc3+ 7. bxc3 O-O 8. Bg5 Qe8 9. g4 fxg4 10. fxg4 Nf6 11. Qd3 d6 12. O-O-O e5 13. Nf2 Bd7 14. Bg2 Nc6 15. e3 Na5 16. h4 Ba4 17. Bxf6 Rxf6 18. Ne4 Rf8 19. Ng5 g6 20. Bd5+ Kh8 21. h5 c6 22. hxg6 cxd5 23. g7+ Kxg7 24. Qxh7+ Kf6 25. Rh6+ Kxg5 26. Rh5+ Kxg4 27. Qg7+ Kf3 28. Rh3+ Ke2 29. Qg4+ Kf2 30. Rd2+ Kf1 31. Qe2+ Kg1 32. Qg2# 1-0


[Site "https://www.chess.com"]

[Event "Titled Tuesday Blitz May 24 Early 2022"]
[White "Levitskiy, Andrey"]
[Black "Visakh N R"]
[WhiteFideId "14132885"]
[BlackFideId "25012223"]
[WhiteElo "2301"]
[BlackElo "2448"]
[Result "1/2-1/2"]
[Round "02"]
[TimeControl "180+1"]
[Date "2022.05.24"]
[WhiteClock "0:00:06"]
[BlackClock "0:01:20"]

1. e4 c5 2. Nf3 d6 3. d4 cxd4 4. Nxd4 Nf6 5. Nc3 a6 6. h3 e5 7. Nde2 b5 8. g4 b4 9. Nd5 Nxd5 10. Qxd5 Ra7 11. Be3 Be6 12. Qd3 Rb7 13. Bg2 Be7 14. O-O O-O 15. f4 Qc8 16. b3 f6 17. c3 bxc3 18. Nxc3 exf4 19. Bxf4 Nd7 20. Nd5 Ne5 21. Qxa6 Bxd5 22. exd5 Rc7 23. Qxc8 Rfxc8 24. Rfc1 Nd3 25. Rxc7 Rxc7 26. Be3 Bd8 27. Bf1 Nb4 28. Bb6 Rd7 29. Bxd8 Rxd8 30. a3 Ra8 31. a4 Kf8 32. Bc4 Nc2 33. Rc1 Ne3 34. Kf2 Nxc4 35. Rxc4 f5 36. gxf5 Ke7 37. Ke3 Kf6 38. Kf4 g5+ 39. fxg6 hxg6 40. Rc6 g5+ 41. Kg4 Ke5 42. Rb6 Kxd5 43. Kxg5 Ke5 44. h4 Rg8+ 45. Kh6 Rh8+ 46. Kg5 Rg8+ 47. Kh5 d5 48. Rb7 d4 49. Rd7 Kf5 50. Kh6 Rh8+ 51. Kg7 Rxh4 52. a5 Ke6 53. Rd8 Rh5 54. a6 Ra5 55. Ra8 d3 56. Rd8 Rxa6 57. Rxd3 Rd6 58. Rxd6+ Kxd6 59. Kf6 Kc5 60. Ke5 Kb4 61. Kd4 Kxb3 1/2-1/2


[Site "https://www.chess.com"]

[Event "Titled Tuesday Blitz May 24 Early 2022"]
[White "Li, Xueyi"]
[Black "Golubev, Mikhail"]
[WhiteFideId "8605912"]
[BlackFideId "14100983"]
[WhiteElo "2091"]
[BlackElo "2374"]
[Result "0-1"]
[Round "02"]
[TimeControl "180+1"]
[Date "2022.05.25"]
[WhiteClock "0:01:20"]
[BlackClock "0:00:27"]

1. d4 Nf6 2. c4 g6 3. g3 Bg7 4. Bg2 O-O 5. Nc3 d6 6. Nf3 Nbd7 7. O-O e5 8. e4 Re8 9. h3 b6 10. Be3 exd4 11. Nxd4 Bb7 12. f3 d5 13. cxd5 Nxd5 14. Nxd5 Bxd5 15. exd5 Rxe3 16. Nc6 Qg5 17. Qd2 Rae8 18. Rae1 Bh6 19. Rxe3 Rxe3 20. Kh2 Ne5 21. h4 Qf6 22. Nxe5 Qxe5 23. Rf2 Rxf3 24. Qe2 Qxg3+ 25. Kg1 Rxf2 26. Qxf2 Be3 0-1


[Site "https://www.chess.com"]

[Event "Titled Tuesday Blitz May 24 Early 2022"]
[White "Liyanage, Ranindu Dilshan"]
[Black "Bortnyk, Olexandr"]
[WhiteFideId "9915834"]
[BlackFideId "14120828"]
[WhiteElo "1858"]
[BlackElo "2723"]
[Result "0-1"]
[Round "02"]
[TimeControl "180+1"]
[Date "2022.05.24"]
[WhiteClock "0:00:31"]
[BlackClock "0:01:06"]

1. e4 Nf6 2. e5 Nd5 3. d4 d6 4. Nf3 dxe5 5. Nxe5 c6 6. Bd3 Nd7 7. a3 Nxe5 8. dxe5 g6 9. O-O Bg7 10. Re1 Qc7 11. Qe2 O-O 12. c4 Nb6 13. b4 Be6 14. Nc3 Rfd8 15. c5 Qxe5 16. Qxe5 Bxe5 17. Rxe5 Rxd3 18. cxb6 Rxc3 19. bxa7 Rxa7 20. Re3 Rc2 21. Rd3 Ra8 22. Bf4 Bd5 23. Re1 Ra2 24. h4 e6 25. Ree3 f6 26. Rc3 b5 27. Bd6 Kf7 28. Bc5 e5 29. Rcd3 Ke6 30. Kh2 h5 31. Kg3 Kf5 32. Kh2 e4 33. Rc3 Rxf2 34. Rxe4 Rxg2+ 35. Kxg2 Bxe4+ 36. Kg3 g5 37. Rc1 Rxa3+ 0-1


[Site "https://www.chess.com"]